cohdb
Replays
Latest Replays
All Replays
Popular Replays
Top Player Replays
Match Explorer
How It Works
Community
CoH3 Stats
Reddit
Sign in to upload your games and track your stats! →
Sign in with Steam
Match 41637530
Unlisted
Match 41637530
Overview
Messages
Build Orders
End
Construct Barracks
Riflemen Squad
Riflemen Squad
Engineer Squad
Construct Medical Station
Riflemen Squad
Infantry Support Center
Selects Advanced Infantry Battlegroup
Selects Artillery Observers
Selects Convert to Ranger Squad
M1918 Browning Automatic Rifles
Grenade Package
Convert to Ranger Squad
Selects Frontline Medical Station
Convert to Ranger Squad
Skyline
KevinTDW
SKT
就是瞎掰
0
0
Comments
sign in to comment!
No comments posted yet!